 Dungeon Crawl Stone Soup version 0.28-a0-563-gf77a47075d (webtiles) character file.

Game seed: 15565368674721922138

53 Anon1729 the Magician (level 3, -4/24 HPs)
             Began as a Demonspawn Wanderer on Sept 30, 2021.
             Slain by a kobold (5 damage)
             ... on level 2 of the Dungeon.
             The game lasted 00:03:19 (1963 turns).

Anon1729 the Magician (Demonspawn Wanderer)         Turns: 1963, Time: 00:03:20

Health: -4/24      AC:  2    Str: 11    XL:     3   Next: 62%
Magic:  3/7        EV: 11    Int: 17    God:
Gold:   137        SH:  0    Dex: 10    Spells: 7/8 levels left

rFire   . . .      SeeInvis .   f - +0 dagger
rCold   . . .      Faith    .   (no shield)
rNeg    . . .      Spirit   .   b - +0 robe
rPois   .          Reflect  .   (no helmet)
rElec   .          Harm     .   (no cloak)
rCorr   .          Rampage  .   (no gloves)
Will    .....                   (no boots)
Stlth   ++........              (no amulet)
HPRegen 0.08/turn               (no ring)
MPRegen 0.10/turn               (no ring)

@: no status effects
A: powered by death 1
a: no special abilities


You were on level 2 of the Dungeon.
You visited 1 branch of the dungeon, and saw 3 of its levels.

You collected 137 gold pieces.

Inventory:

Hand Weapons
 a - a +0 club
 f - a +0 dagger (weapon)
Missiles
 g - 3 atropa-tipped darts
Armour
 b - a +0 robe (worn)
Scrolls
 c - 6 scrolls of identify {unknown}
 d - a scroll of magic mapping {unknown}
 e - a scroll of vulnerability {unknown}
Potions
 h - a potion of lignification {unknown}
 i - a potion of curing {unknown}


   Skills:
 + Level 1.5 Stealth
 * Level 3.4 Spellcasting
 + Level 2.2 Hexes
 * Level 2.5 Ice Magic
 + Level 1.3 Air Magic
 - Level 1.0 Evocations


You had 7 spell levels left.
You knew the following spells:

 Your Spells              Type           Power      Damage    Failure   Level
a - Freeze                Ice            44%        1d6       6%          1

Your spell library contained the following spells:

 Spells                   Type           Power      Damage    Failure   Level
 Shock                    Conj/Air       20%        1d4       13%         1
 Sting                    Tmut/Pois      8%         1d3       17%         1
 Frozen Ramparts          Ice            22%        1d4       17%         3
 Ozocubu's Armour         Ice            11%        N/A       17%         3
 Swiftness                Air            7%         N/A       28%         3
 Dazzling Flash           Conj/Hex       12%        N/A       32%         3
 Mephitic Cloud           Conj/Pois/Air  4%         N/A       38%         3
 Hailstorm                Conj/Ice       7%         3d4       69%         4
 Iskenderun's Mystic Bla  Conj/Tloc      2%         2d3       86%         4
 Starburst                Conj/Fire      1%         6d3       100%        6


Dungeon Overview and Level Annotations

Branches:
Dungeon (3/15)

Altars:


Innate Abilities, Weirdness & Mutations

You regenerate a little health from kills.


Message History

You start resting.
HP restored.
You climb downwards.
The orc hits you with a +0 mace. The kobold hits you but does no damage.
The orc hits you with a +0 mace.
There is a stone staircase leading up, spattered with blood here.
The kobold hits you with a +0 whip. The orc barely misses you.
You climb upwards.
There is a stone staircase leading down here.
You freeze the orc.
The orc is lightly wounded.
The kobold hits you with a +0 whip. The orc hits you with a +0 mace.
Casting: Freeze (safe; 6% risk of failure)
Confirm with . or Enter, or press ? or * to list all spells.
Aiming: Freeze (safe; 6% risk of failure)
Press: ? - help, Shift-Dir - straight line, f/p - orc
Aim: an orc, wielding a +0 mace and wearing a +0 scale mail (lightly wounded)
You freeze the orc.
The orc is moderately wounded.
The kobold hits you with a +0 whip.
* * * LOW HITPOINT WARNING * * *
The orc misses you.
Casting: Freeze (safe; 6% risk of failure)
Confirm with . or Enter, or press ? or * to list all spells.
Aiming: Freeze (safe; 6% risk of failure)
Press: ? - help, Shift-Dir - straight line, f/p - orc
Aim: an orc, wielding a +0 mace and wearing a +0 scale mail (moderately wounded)
You freeze the orc.
You kill the orc!
The kobold hits you with a +0 whip.
* * * LOW HITPOINT WARNING * * *
Okay, then.
Casting: Freeze (safe; 6% risk of failure)
Confirm with . or Enter, or press ? or * to list all spells.
Aiming: Freeze (safe; 6% risk of failure)
Press: ? - help, Shift-Dir - straight line, f - kobold
Aim: a kobold, wielding a +0 whip You freeze the kobold.
The kobold is severely wounded.
The kobold hits you with a +0 whip.
You die...

#..........# #.########.#
#.# #.# #.# ###'## #.#
#..... #.# #..... #.#
#..... ######.######.....
#@)...............
#K####.########.## #.#
#.#......#.## #.#
#.#.####.#<##
#.####.#.####.#.##
######................'
#........##.######.#.##
###........##........#.##
#.....>....########..#.#


You could see a kobold.

Vanquished Creatures
  An adder (D:3)
  2 dart slugs
  3 orcs
  3 ball pythons
  3 endoplasms
  5 giant cockroaches
  2 goblins (D:1)
  A hobgoblin (D:1)
  4 kobolds
  4 bats
  5 frilled lizards
  2 rats
35 creatures vanquished.

Notes
Turn   | Place    | Note
-------+----------+-------------------------------------------
     0 | D:1      | Anon1729 the Demonspawn Wanderer began the quest for the
                  | Orb.
     0 | D:1      | Anon1729 set off with the following items: a +0 club, a +0
                  | robe; and the following spells available to memorise:
                  | Freeze, Shock, Sting, Frozen Ramparts, Ozocubu's Armour,
                  | Swiftness, Mephitic Cloud, Hailstorm
     0 | D:1      | Reached XP level 1. HP: 13/13 MP: 4/4
    10 | D:1      | Learned a level 1 spell: Freeze
   442 | D:1      | Gained mutation: You regenerate a little health from kills.
                  | [demonic ancestry]
   442 | D:1      | Reached XP level 2. HP: 19/19 MP: 4/6
  1034 | D:2      | Reached XP level 3. HP: 24/24 MP: 5/7
  1962 | D:2      | HP: 1/24 [kobold (4)]
  1963 | D:2      | Slain by a kobold

Illustrated notes

Levels and vault maps discovered:
D:1:      lightli_arrival_chessboard, layout_rooms
D:2:      layout_basic
D:3:      layout_basic, nicolae_tso_carved_into_rock, uniq_sigmund, uniq_terence

Skill      XL: |  1 |
---------------+----+-----
Ice Magic      | 2 |  2.5
Stealth        | |  1.5
Spellcasting   | |  3.4
Hexes          | |  2.2
Air Magic      | |  1.3
Evocations     | |  1.0

Action                   || total
-------------------------++-------
Melee: Club              ||    19
       Dagger            ||    18
 Cast: Freeze            ||    64
 Stab: Sleeping          ||     1
Armor: Robe              ||    16
Dodge: Dodged            ||    58

Table legend: (Time is in decaauts)
 A = Elapsed time spent in this place.
 B = Non-inter-level travel time spent in this place.
 C = Inter-level travel time spent in this place.
 D = Time resting spent in this place.
 E = Time spent auto-exploring this place.
 F = Levels seen in this place.
 G = Mean time per level.
                   A        B        C        D        E       F      G
               +--------+--------+--------+--------+--------+-----+--------+
         Total |   1969 |   1924 |     45 |    388 |   1263 |   3 |  656.3 |
       Dungeon |   1969 |   1924 |     45 |    388 |   1263 |   3 |  656.3 |
               +--------+--------+--------+--------+--------+-----+--------+

Top non-repeatable levels by time:
     D:1: 1033 daAuts
     D:2: 908 daAuts
     D:3: 27 daAuts
